 Dungeon Crawl Stone Soup version 0.26.0-16-gc1dbca0489 (webtiles) character file.

Game seed: 5619710799318037007

668 kaeus the Skirmisher (level 7, -4/84 HPs)
             Began as a Demonspawn Berserker on Jan 20, 2021.
             Was a Believer of Trog.
             Killed by divine providence
             ... invoked by an orc priest
              (13 damage)
             ... on level 4 of the Dungeon.
             The game lasted 00:07:12 (3389 turns).

kaeus the Skirmisher (Demonspawn Berserker)         Turns: 3389, Time: 00:07:13

Health: -4/84      AC: 14    Str: 19    XL:     7   Next: 32%
Magic:  7/7        EV:  7    Int:  9    God:    Trog [**....]
Gold:   247        SH:  0    Dex: 14    Spells: 6/6 levels left

rFire    . . .     SeeInvis +   o - +2 whip (venom)
rCold    + . .     Faith    .   (no shield)
rNeg     . . .     Spirit   .   f - +1 plate armour {Will+}
rPois    .         Reflect  .   (helmet unavailable)
rElec    .         Harm     .   (no cloak)
rCorr    .         Rampage  .   (no gloves)
Will     +++..                  (no boots)
Stlth    ..........             (no amulet)
HPRegen  1.24/turn              (no ring)
MPRegen  0.10/turn              (no ring)

@: berserking, regenerating, very quick
A: horns 3, molten scales 1, see invisible, agile 1, cold resistance 1, sense
surroundings 1, spiny 1
a: Renounce Religion, Berserk, Trog's Hand


You were on level 4 of the Dungeon.
You worshipped Trog.
Trog was pleased with you.
You visited 1 branch of the dungeon, and saw 4 of its levels.

You collected 247 gold pieces.

Inventory:

Hand Weapons
 a - a +0 hand axe
 b - a +1 short sword of draining
 o - a +2 whip of venom (weapon)
Armour
 f - a +1 plate armour of willpower (worn)
Wands
 p - a wand of disintegration (10)
Scrolls
 g - 3 scrolls of remove curse {unknown}
 h - 2 scrolls of teleportation {unknown}
 j - a scroll of random uselessness {unknown}
 k - a scroll of enchant armour {unknown}
 n - a scroll of immolation {unknown}
 q - 6 scrolls of identify {unknown}
 r - a scroll of fear {unknown}
Potions
 c - a potion of ambrosia {unknown}
 d - a potion of degeneration
 e - a potion of curing {unknown}
 l - a potion of flight {unknown}
 m - a potion of cancellation {unknown}


   Skills:
 + Level 5.0 Fighting
 - Level 1.8 Short Blades
 - Level 2.7(3.2) Axes
 + Level 2.5(3.1) Maces & Flails
 + Level 4.0 Armour
 - Level 2.7 Dodging
 - Level 1.8 Stealth
 + Level 2.0 Evocations


You had 6 spell levels left.
You didn't know any spells.
Your spell library was empty.

Dungeon Overview and Level Annotations

Branches:
Dungeon (4/15)
 Temple: D:4-7

Altars:
Trog

Shops:
D:4 }


Innate Abilities, Weirdness & Mutations

You have a pair of large horns on your head.
You are partially covered in molten scales. (AC +2)
Your flesh is cold resistant. (rC+)
You are partially covered in sharp spines.
You have supernaturally acute eyesight. (SInv)
You are agile. (Dex +2)
You passively map a small area around you.


Message History

The orc priest hits you with a +0 hand axe.
The orc hits you but does no damage.
The orc priest mumbles some strange prayers to Beogh against you.
Beogh smites you!
You hit the orc but do no damage.
The orc is poisoned.
You headbutt the orc, but do no damage.
The orc is severely wounded.
You kill the orc!
Trog accepts your kill. The orc is struck by your spines.
The orc barely misses you.
The orc priest is struck by your spines.
The orc priest hits you but does no damage.
The orc priest mumbles some strange prayers to Beogh against you.
Beogh smites you!
* * * LOW HITPOINT WARNING * * *
A red film seems to cover your vision as you go berserk!
You feel yourself moving faster!
You feel mighty!
The orc priest calls down the wrath of Beogh upon you.
Beogh smites you!
You die...

#.................##
##................##
#......♣P...#....## *
##......♣♣.P..##### *
#.........PP..#
##............##
#............#### * ,
......oo........###
......o@.........<# * * ,
......)...........#
,..................######
,
........................
, ,
..................######
........)(.........# * ,
, ?..................∩#
.....................# ,
, ,
,......................#
*


You could see 2 orc priests and an orc.

Vanquished Creatures
  Sigmund (D:3)
  The ghost of JustYaKnow the Shield-Bearer, an amateur MiFi (D:3)
  A centaur (D:3)
  A bullfrog (D:2)
  An orc priest (D:4)
  A worker ant (D:4)
  3 gnolls (D:2)
  8 adders
  2 worms (D:2)
  A dart slug (D:3)
  3 leopard geckos
  5 orcs
  6 giant cockroaches
  7 goblins
  6 hobgoblins
  3 quokkas
  2 ball pythons (D:3)
  7 bats
  3 frilled lizards
  4 kobolds
  5 rats
71 creatures vanquished.

Notes
Turn   | Place    | Note
-------+----------+-------------------------------------------
     0 | D:1      | kaeus the Demonspawn Berserker began the quest for the Orb.
     0 | D:1      | Reached XP level 1. HP: 18/18 MP: 1/1
   321 | D:1      | Gained mutation: You are partially covered in molten
                  | scales. (AC +2) [demonic ancestry]
   321 | D:1      | Reached XP level 2. HP: 24/24 MP: 2/2
  1086 | D:2      | Found a bloodstained altar of Trog.
  1214 | D:2      | Reached skill level 1 in Short Blades
  1214 | D:2      | Gained mutation: Your flesh is cold resistant. (rC+)
                  | [demonic ancestry]
  1214 | D:2      | Reached XP level 3. HP: 22/29 MP: 3/3
  1318 | D:2      | Noticed a bullfrog
  1326 | D:2      | Killed a bullfrog
  1327 | D:2      | Gained mutation: You have a pair of small horns on your
                  | head. [demonic ancestry]
  1327 | D:2      | Reached XP level 4. HP: 32/36 MP: 4/4
  1569 | D:2      | Gained mutation: You passively map a small area around you.
                  | [potion of mutation]
  1569 | D:2      | Gained mutation: You have supernaturally acute eyesight.
                  | (SInv) [potion of mutation]
  1569 | D:2      | Gained mutation: Your magical capacity is low. (-10% MP)
                  | [potion of mutation]
  1569 | D:2      | Gained mutation: You are agile. (Dex +2) [potion of
                  | mutation]
  1600 | D:2      | Lost mutation: You are agile. (Dex +2) [potion of mutation]
  1600 | D:2      | Lost mutation: Your magical capacity is low. (-10% MP)
                  | [potion of mutation]
  1600 | D:2      | Gained mutation: You are agile. (Dex +2) [potion of
                  | mutation]
  1712 | D:2      | Gained mutation: You are partially covered in sharp spines.
                  | [demonic ancestry]
  1712 | D:2      | Reached XP level 5. HP: 39/42 MP: 5/5
  2210 | D:3      | Reached ** piety under Trog
  2246 | D:3      | Reached skill level 4 in Fighting
  2294 | D:3      | Noticed Sigmund
  2304 | D:3      | Killed Sigmund
  2305 | D:3      | Reached skill level 1 in Maces & Flails
  2305 | D:3      | Reached skill level 1 in Stealth
  2305 | D:3      | Gained mutation: You have a pair of horns on your head.
                  | [demonic ancestry]
  2305 | D:3      | Reached XP level 6. HP: 49/49 MP: 6/6
  2600 | D:3      | Found a large runed translucent door.
  2602 | D:3      | Found a large runed translucent door.
  2602 | D:3      | Noticed JustYaKnow's ghost (amateur MiFi)
  2646 | D:3      | Reached skill level 1 in Evocations
  3181 | D:3      | Killed JustYaKnow's ghost
  3182 | D:3      | Gained mutation: You have a pair of large horns on your
                  | head. [demonic ancestry]
  3182 | D:3      | Reached XP level 7. HP: 55/55 MP: 7/7
  3326 | D:4      | Found Halikafoump's Gadget Shop.
  3385 | D:4      | Reached skill level 5 in Fighting
  3389 | D:4      | Killed from afar by an orc priest

Illustrated notes

Levels and vault maps discovered:
D:1:      dpeg_arrival_orchard, layout_loops_corners
D:2:      layout_loops_corners, chequers_mini_garden, minivault_5,
          trog_three_pillars_becter
D:3:      layout_loops_corners, ebering_ghost_disaster_area, grunt_ministairs_9,
          hangedman_feature_mirror, uniq_sigmund
D:4:      layout_cave_pods, serial_park, serial_park_gazebo
          [serial_park_minivault_5x5_2], serial_park_tiny_2, serial_park_tiny_1,
          serial_park_avenue1, serial_park_avenue1, serial_shops, shop,
          nicolae_shop_crystal, nicolae_shop_stone, shop_fountains

Skill      XL: |  1  2  3  4  5  6  7 |
---------------+----------------------+-----
Armour         | 2 3 4 |  4.0
Dodging        | 2 |  2.7
Short Blades   | 1 |  1.8
Fighting       | 4 5 |  5.0
Maces & Flails | 1 2 |  2.5
Stealth        | 1 |  1.8
Evocations     | 1 2 |  2.0
Axes           | |  2.7

Action                   |  1- 3 |  4- 6 |  7- 9 || total
-------------------------+-------+-------+-------++-------
Melee: Hand axe          |    13 |       |       ||    13
       Short sword       |    75 |    21 |       ||    96
       Whip              |       |    69 |    18 ||    87
       Headbutt          |       |    13 |     3 ||    16
Invok: Berserk           |       |     2 |     1 ||     3
       Trog's Hand       |       |     1 |     1 ||     2
  Use: Potion            |       |     4 |     1 ||     5
Armor: Chain mail        |     9 |       |       ||     9
       Animal skin       |     2 |       |       ||     2
       Plate armour      |    54 |    42 |    14 ||   110
Dodge: Dodged            |    27 |    28 |     5 ||    60
